 Dungeon Sprint DCSS version 0.28.0-43-g3370ac3207 (webtiles) character file.

Game seed: 11185527085727232447

174 boopmooplesden the Cleaver (level 5, -28/53 HPs)
             Began as a Minotaur Berserker on Mar 13, 2022.
             Was a Believer of Trog.
             Killed from afar by an oklob sapling wizard (39 damage)
             ... with a splash of acid
             ... in the Dungeon (Sprint IV: "Fedhas' Mad Dash").
             The game lasted 00:01:11 (1227 turns).

boopmooplesden the Cleaver (Minotaur Berserker)     Turns: 1227, Time: 00:01:11

Health: -28/53     AC: -5    Str: 22    XL:     5   Next: 28%
Magic:  2/4        EV: 13    Int:  4    God:    Trog [**....]
Gold:   58         SH:  0    Dex: 11    Spells: 4/4 levels left

rFire   . . .      SeeInvis .   a - +0 hand axe
rCold   . . .      Faith    .   (no shield)
rNeg    . . .      Spirit   .   b - +0 animal skin
rPois   .          Reflect  .   (helmet restricted)
rElec   .          Harm     .   (no cloak)
rCorr   .          Rampage  .   (no gloves)
Will    .....      NoTele   +   (no boots)
Stlth   ++........              j - amulet of invisibility {+Inv}
HPRegen 0.17/turn               (no ring)
MPRegen 0.09/turn               (no ring)

@: corroded, very slightly contaminated, invisible
A: horns 2, retaliatory headbutt
a: Renounce Religion, Evoke Invisibility, Berserk, Trog's Hand


You were in the Dungeon.
You worshipped Trog.
Trog was pleased with you.
You visited 1 branch You collected 58 gold pieces.

Inventory:

Hand Weapons
 a - a +0 hand axe (weapon)
Armour
 b - a +0 animal skin (worn)
Jewellery
 j - the amulet of invisibility (around neck) {+Inv}
   (You found it in the Dungeon)

   [amulet of nothing]

   +Inv:      It lets you turn invisible.
Scrolls
 h - a scroll of vulnerability {unknown}
Potions
 c - a potion of curing
 d - a potion of heal wounds
 e - a potion of haste
 f - 3 potions of magic
 g - a potion of berserk rage
 i - a potion of cancellation {unknown}


   Skills:
 + Level 8.2 Fighting
 + Level 9.0 Axes
 + Level 4.5 Armour
 + Level 4.5 Dodging
 + Level 1.6 Stealth
 + Level 1.3 Evocations


You had 4 spell levels left.
You didn't know any spells.
Your spell library was empty.

Dungeon Overview and Level Annotations

Branches:
Dungeon (1/1)

Altars:
Cheibriados
Dithmenos
Elyvilon
Gozag
Hepliaklqana
Kikubaaqudgha
Makhleb
Nemelex Xobeh
Okawaru
Qazlal
Ru
Sif Muna
Trog
Uskayaw
Vehumet
Wu Jian
Xom
Yredelemnul
Zin
The Shining One
Beogh
Jiyva
Lugonu

Annotations:
D exclusion: oklob sapling


Innate Abilities, Weirdness & Mutations

You have a pair of horns on your head.
You reflexively headbutt those who attack you in melee.


Message History

You recover from your berserk rage.
You start resting.
HP restored.
You start waiting.
Done waiting.
You start waiting.
Done waiting.
You fade into invisibility!
You are very lightly contaminated with residual magic.
You open the door.
An oklob sapling wizard comes into view.
Marking area around an oklob sapling wizard as unsafe for travelling.
Found 27 stones.
Found 13 arrows.
There is an open door here.
The helpless oklob sapling wizard fails to defend itself.
You hit the oklob sapling wizard but do no damage.
You hit the oklob sapling wizard.
The oklob sapling wizard is moderately damaged.
The oklob sapling wizard spits acid at you.
The splash of acid hits you!!
Ouch! That really hurt!
The acid corrodes you!
You hit the oklob sapling wizard.
The oklob sapling wizard is heavily damaged.
The oklob sapling wizard spits acid at you.
The splash of acid hits you!
* * * LOW HITPOINT WARNING * * *
The acid corrodes you!
You catch the helpless oklob sapling wizard completely off-guard!
You hit the oklob sapling wizard.
The oklob sapling wizard is almost destroyed.
You hit the oklob sapling wizard but do no damage.
The oklob sapling wizard is almost destroyed.
You hit the oklob sapling wizard but do no damage.
The oklob sapling wizard is almost destroyed.
The oklob sapling wizard spits acid at you.
The splash of acid hits you!!!
Ouch! That really hurt!
You die...

###################
.#.⌠._._._._.⌠.#.(+
.'.._._._._._..'@P#
.#..._._._._...#..#
##.._._._._._..#.(#
.#._._._._._.⌠.####
.############### ##


You could see an oklob sapling wizard.

Vanquished Creatures
  A scorpion (D)
  3 oklob saplings (D)
  A river rat (D)
  A rat (D)
6 creatures vanquished.

Vanquished Creatures (others)
  2 fungi (D)
2 creatures vanquished.

Grand Total: 8 creatures vanquished

Notes
Turn   | Place    | Note
-------+----------+-------------------------------------------
     0 | D        | boopmooplesden the Minotaur Berserker began the quest for
                  | the Orb.
     0 | D        | Reached XP level 1. HP: 19/19 MP: 0/0
    15 | D        | Reached skill level 4 in Axes
    15 | D        | Reached XP level 2. HP: 28/28 MP: 1/1
    76 | D        | Noticed a scorpion
    76 | D        | Found the amulet of invisibility {+Inv}
    79 | D        | Killed a scorpion
    79 | D        | Reached ** piety under Trog
    80 | D        | Reached skill level 7 in Axes
    80 | D        | Reached XP level 3. HP: 38/38 MP: 2/2
    80 | D        | Reached XP level 4. HP: 45/45 MP: 3/3
   534 | D        | Reached skill level 8 in Axes
   775 | D        | Found an opulent altar of Gozag.
   775 | D        | Found a hazy altar of Hepliaklqana.
   775 | D        | Found a snail-covered altar of Cheibriados.
   776 | D        | Found a viscous altar of Jiyva.
   776 | D        | Found a burning altar of Makhleb.
   776 | D        | Found a sparkling altar of Nemelex Xobeh.
   776 | D        | Found a sacrificial altar of Ru.
   776 | D        | Found a shimmering blue altar of Sif Muna.
   776 | D        | Found a bloodstained altar of Trog.
   776 | D        | Found an ornate altar of the Wu Jian Council.
   776 | D        | Found a shimmering altar of Xom.
   776 | D        | Found a basalt altar of Yredelemnul.
   780 | D        | Found a shadowy altar of Dithmenos.
   780 | D        | Found an iron altar of Okawaru.
   780 | D        | Found a glowing silver altar of Zin.
   781 | D        | Found an ancient bone altar of Kikubaaqudgha.
   781 | D        | Found a hide-covered altar of Uskayaw.
   782 | D        | Found a white marble altar of Elyvilon.
   782 | D        | Found a stormy altar of Qazlal.
   782 | D        | Found a glowing golden altar of the Shining One.
   783 | D        | Found a corrupted altar of Lugonu.
   783 | D        | Found a radiant altar of Vehumet.
   794 | D        | Reached skill level 9 in Axes
   794 | D        | Reached skill level 1 in Stealth
   794 | D        | Reached skill level 1 in Evocations
   794 | D        | Reached XP level 5. HP: 19/53 MP: 2/4
  1227 | D        | Killed from afar by an oklob sapling wizard

Illustrated notes

Levels and vault maps discovered:
D:        dungeon_sprint_fedhas [sprint_temple]

Skill      XL: |  1  2  3  4 |
---------------+-------------+-----
Fighting       | 4 6 8 |  8.2
Axes           | 4 7 9 |  9.0
Armour         | 3 4 |  4.5
Dodging        | 3 4 |  4.5
Stealth        | 1 |  1.6
Evocations     | 1 |  1.3

Action                   |  1- 3 |  4- 6 || total
-------------------------+-------+-------++-------
Melee: Hand axe          |     9 |    21 ||    30
       Headbutt          |       |     6 ||     6
Invok: Berserk           |     2 |     2 ||     4
 Abil: Evoke Invisibilit |       |     3 ||     3
  Use: Scroll            |     1 |       ||     1
 Stab: Invisible         |       |     5 ||     5
       Sleeping          |       |     1 ||     1
Dodge: Dodged            |     8 |     1 ||     9
